AoeStats
← maalrivba

Black Forest

509780816Analyzed
4v4 RM · 5d ago on Sep 28, 2026· 59m 5s· 8 players
Game mode
Random Map
Map size
Large (8 player)
Population
200
Speed
Normal
Resources
Standard
Victory
Conquest
Starting age
Dark Age
Ending age
Imperial Age
RankedLock teamsTeams togetherTeam positionsShared explorationLock speedFull tech treeHidden civsTurbo modeCheats
Victory
Defeat
🇲🇽 Romans · Mexico
945
+11
🇲🇽 Burgundians · Mexico
921
+12
🇬🇧 Danes · United Kingdom
914
+13
🇲🇽 Japanese · Mexico
835
+17
🇦🇷 Goths · Argentina
880
-15
🇹🇼 Varangians · Taiwan
876
-15
🇵🇪 Franks · Peru
803
-12
🇦🇷 Lithuanians · Argentina
793
-11
leonedu
0:36 Loom
14:52 Feudal Age
19:31 Castle Age
18:25 Double-Bit Axe
18:32 Gold Mining
19:36 Stone Mining
20:52 Town Watch
26:28 Fervor
27:02 Wheelbarrow
28:25 Hand Cart
29:39 Caravan
30:38 Gold Shaft Mining
34:50 Imperial Age
32:59 Scale Barding Armor
33:05 Forging
33:03 Fletching
34:16 Bow Saw
34:23 Fortified Wall
35:58 Chain Barding Armor
36:22 Masonry
36:23 Husbandry
36:48 Conscription
38:17 Cavalier
41:02 Paladin
42:02 Chivalry
42:49 Plate Barding Armor
42:50 Iron Casting
42:12 Bodkin Arrow
44:02 Chemistry
43:33 Architecture
43:25 Ballistics
42:45 Treadmill Crane
43:02 Murder Holes
43:10 Town Patrol
45:44 Hoardings
44:31 Elite Throwing Axeman
44:33 Ordonnance Companies
55:21 Padded Archer Armor
Stigma
10:04 Loom
12:18 Feudal Age
12:58 Double-Bit Axe
12:56 Horse Collar
13:52 Stone Mining
13:55 Gold Mining
17:17 Wheelbarrow
20:27 Castle Age
18:43 Stone Mining
19:34 Bloodlines
23:04 Heavy Plow
23:32 Fervor
28:20 Hand Cart
30:37 Imperial Age
28:42 Caravan
30:46 Bow Saw
30:55 Town Watch
31:56 Stone Shaft Mining
31:59 Treadmill Crane
32:42 Ballistics
32:34 Fortified Wall
32:21 Murder Holes
33:28 Chemistry
32:43 Forging
32:38 Scale Barding Armor
33:06 Crop Rotation
33:38 Conscription
33:00 Elite Leitis
34:38 Iron Casting
37:47 Two-Man Saw
40:32 Chain Barding Armor
40:13 Husbandry
40:16 Squires
39:36 Pikeman
ariel
0:41 Loom
12:07 Feudal Age
13:56 Double-Bit Axe
17:56 Castle Age
19:49 Double-Bit Axe
19:48 Horse Collar
30:08 Wheelbarrow
29:19 Town Watch
29:49 Bow Saw
29:47 Heavy Plow
33:59 Imperial Age
32:54 Hand Cart
32:40 Town Patrol
34:04 Pikeman
34:45 Squires
35:59 Perfusion
36:20 Conscription
36:01 Anarchy
37:07 Chemistry
36:45 Halberdier
36:46 Man-at-Arms
36:48 Elite Huskarl
37:46 Forging
37:37 Scale Mail Armor
37:37 Padded Archer Armor
37:28 Fletching
37:42 Caravan
38:13 Coinage
37:55 Guilds
38:00 Long Swordsman
39:19 Iron Casting
39:35 Ballistics
38:57 Two-Handed Swordsman
41:44 Two-Man Saw
41:19 Crop Rotation
41:14 Champion
52:11 Town Patrol
YJHAN
0:48 Loom
15:14 Feudal Age
15:56 Arson
15:31 Man-at-Arms
17:08 Town Watch
23:53 Castle Age
22:24 Forging
22:15 Scale Mail Armor
23:34 Fletching
26:44 Gold Mining
29:47 Horse Collar
34:53 Bodkin Arrow
35:26 Fishing Lines
36:20 Medium Warships
36:49 Gillnets
37:41 Fortified Wall
40:19 Imperial Age
39:25 Wheelbarrow
41:31 Double-Bit Axe
41:10 Elite Skirmisher
44:05 Masonry
44:03 Padded Archer Armor
44:22 Treadmill Crane
45:30 Leather Archer Armor
46:19 Hand Cart
47:35 Ballistics
47:11 Murder Holes
48:08 Gambesons
49:43 Squires
maalrivba
0:31 Loom
12:30 Feudal Age
13:55 Wheelbarrow
18:34 Castle Age
16:56 Horse Collar
17:07 Double-Bit Axe
18:03 Stone Mining
19:31 Heavy Plow
22:29 Bow Saw
22:28 Gold Mining
24:12 Fletching
26:07 Hand Cart
27:25 Gold Shaft Mining
27:09 Guard Tower
32:10 Imperial Age
29:24 Treadmill Crane
29:36 Town Watch
30:52 Bodkin Arrow
30:57 Padded Archer Armor
31:08 Forging
31:02 Scale Mail Armor
31:05 Town Patrol
31:31 Masonry
32:18 Fortified Wall
32:03 Murder Holes
32:00 Arson
32:15 Squires
32:39 Squires
31:59 Pikeman
33:12 Ballistics
34:12 Two-Man Saw
34:30 Conscription
34:20 Murder Holes
34:50 Arrowslits
37:04 Chemistry
36:52 Keep
36:26 Elite Skirmisher
37:43 Leather Archer Armor
37:44 Chain Mail Armor
39:13 Iron Casting
39:38 Yasama
40:52 Plate Mail Armor
42:19 Bracer
42:06 Halberdier
50:26 Ring Archer Armor
51:39 Blast Furnace
50:01 Crossbowman
50:46 Thumb Ring
52:25 Siege Engineers
56:36 Caravan
58:36 Kataparuto
58:52 Hoardings
57:38 Elite Samurai
Pikapork
0:38 Loom
13:27 Feudal Age
12:57 Double-Bit Axe
14:19 Bow Saw
19:45 Castle Age
17:37 Fishing Lines
18:05 Stone Mining
20:13 Gold Mining
21:01 Stone Shaft Mining
20:25 Gillnets
21:36 Horse Collar
24:19 Heavy Plow
27:37 Two-Man Saw
27:38 Gold Shaft Mining
33:13 Imperial Age
32:49 Wheelbarrow
32:25 Murder Holes
32:41 Fortified Wall
32:52 Ballistics
32:24 Treadmill Crane
33:44 Padded Archer Armor
33:34 Fletching
34:55 Chemistry
34:52 Crop Rotation
34:42 Leather Archer Armor
34:16 Treadmill Crane
35:14 Hand Cart
35:04 Bodkin Arrow
36:39 Conscription
36:48 Burgundian Vineyards
38:02 Bracer
37:42 Pikeman
38:22 Squires
38:08 Arson
39:08 Elite Skirmisher
40:17 Cavalier
40:17 Light Cavalry
40:58 Husbandry
41:28 Paladin
41:29 Hussar
45:48 Halberdier
48:36 Scale Barding Armor
48:32 Scale Mail Armor
48:53 Forging
49:43 Chain Barding Armor
56:15 Plate Barding Armor
55:56 Chain Mail Armor
56:17 Iron Casting
58:37 Plate Mail Armor
58:21 Guilds
58:12 Caravan
58:49 Coinage
60:17 Blast Furnace
iiggzz
2:18 Loom
13:07 Feudal Age
17:14 Castle Age
16:01 Horse Collar
16:09 Double-Bit Axe
17:34 Gold Mining
20:51 Bow Saw
21:33 Heavy Plow
23:44 Wheelbarrow
25:51 Fletching
26:44 Stone Mining
32:00 Imperial Age
30:45 Masonry
31:33 Gold Shaft Mining
31:54 Hand Cart
34:41 Chemistry
34:02 Ballistics
34:13 Bloodlines
34:12 Scale Barding Armor
34:18 Forging
35:21 Conscription
35:05 Husbandry
35:27 Chain Barding Armor
35:14 Bodkin Arrow
35:59 Caravan
38:00 Fortified Wall
37:56 Siege Engineers
37:58 Ballistas
37:23 Heavy Scorpion
39:30 Plate Barding Armor
39:24 Cavalier
41:49 Iron Casting
42:27 Comitatenses
47:41 Blast Furnace
46:43 Scale Mail Armor
PibblesMcGhee
1:04 Loom
4:51 Loom
11:46 Feudal Age
16:45 Castle Age
16:00 Double-Bit Axe
15:57 Horse Collar
18:49 Bow Saw
21:39 Wheelbarrow
22:28 Fishing Lines
23:03 Gold Mining
23:17 Heavy Plow
25:42 Hand Cart
26:20 Gillnets
29:36 Gold Shaft Mining
29:50 Coinage
29:27 Stone Mining
30:20 Forging
30:02 Fletching
30:13 Padded Archer Armor
33:42 Imperial Age
31:53 Pikeman
32:33 Squires
32:19 Arson
32:50 Forging
32:40 Scale Mail Armor
32:38 Bodkin Arrow
32:58 Leather Archer Armor
33:29 Thumb Ring
34:48 Ballistics
35:29 Chemistry
34:36 Siege Engineers
34:56 Chain Mail Armor
35:17 Iron Casting
34:06 Halberdier
34:27 Cranequins
35:34 Caravan
36:22 Masonry
36:24 Bracer
36:57 Ring Archer Armor
36:17 Town Watch
37:09 Stone Shaft Mining
37:21 Heavy Scorpion
38:41 Town Patrol
39:19 Banking
39:51 Blast Furnace
39:23 Plate Mail Armor
39:27 Heavy Mounted Crossbowman
52:28 Careening
52:17 Murder Holes
Connection lost

Rejoining the realm…

Still unreachable

The connection could not be restored.

Session expired

The server has moved on; the page needs a fresh start.